 Dungeon Crawl Stone Soup version 0.21-a0-39-g28ea6b7 (webtiles) character file.

144 lauthentik the Chopper (level 5, -2/46 HPs)
             Began as a Hill Orc Fighter on May 30, 2017.
             Slain by Sigmund
             ... wielding a +0 scythe
              (4 damage)
             ... on level 3 of the Dungeon.
             The game lasted 00:04:24 (1301 turns).

lauthentik the Chopper (Hill Orc Fighter)           Turns: 1301, Time: 00:04:24

Health: -2/46      AC:  9    Str: 20    XL:     5   Next: 26%
Magic:  5/5        EV:  5    Int:  8    God:
Gold:   89         SH:  9    Dex: 10    Spells: 4/4 levels left

rFire    . . .     SeeInvis .   a - +0 war axe
rCold    . . .     Gourm    .   c - +0 shield
rNeg     . . .     Faith    .   t - +0 chain mail
rPois    .         Spirit   .   (no helmet)
rElec    .         Reflect  .   (no cloak)
rCorr    .         Harm     .   (no gloves)
MR       .....                  (no boots)
Stlth    ..........             (no amulet)
Regen    0.2/turn               (no ring)
MPRegen  0.1/turn               (no ring)

@: no status effects
A: no striking features
a: no special abilities


You were on level 3 of the Dungeon.
You were not hungry.

You visited 1 branch of the dungeon, and saw 3 of its levels.

You collected 89 gold pieces.

Inventory:

Hand Weapons
 a - a +0 war axe (weapon)
Armour
 c - a +0 shield (worn)
 t - a +0 chain mail (worn)
Scrolls
 i - 2 scrolls of teleportation {unknown}
 j - 2 scrolls of remove curse {unknown}
 l - a scroll of immolation {unknown}
 n - 3 scrolls of recharging {unknown}
 o - 4 scrolls of identify {unknown}
 q - a scroll of blinking {unknown}
Potions
 b - a potion of berserk rage {unknown}
 e - 2 potions of degeneration {unknown}
 k - 2 potions of flight {unknown}
 m - a potion of magic {unknown}
 p - a potion of mutation {unknown}
 r - a potion of haste {unknown}
 s - a potion of brilliance {unknown}
Comestibles
 d - 2 chunks of flesh
 f - a bread ration
 g - 4 fruits
 h - 2 royal jellies


   Skills:
 + Level 4.1 Fighting
 + Level 5.1 Axes
 + Level 3.8 Armour
 + Level 0.4 Dodging
 + Level 0.1 Stealth
 + Level 4.1 Shields


You had 4 spell levels left.
You didn't know any spells.

Dungeon Overview and Level Annotations

Branches:
Dungeon (3/15)

Altars:

Annotations:
D:3 Sigmund


Message History

You hear some strange, mumbled words.
A magic dart appears from out of thin air!
The magic dart hits you!
You hit something. Something hits you.
* * * LOW HITPOINT WARNING * * *
You closely miss something.
You hear some strange, mumbled words.
A puff of flame appears from out of thin air!
The puff of flame hits you!
* * * LOW HITPOINT WARNING * * *
Something hits you but does no damage.
You slash something! Something hits you but does no damage.
You hit something. Something hits you!
* * * LOW HITPOINT WARNING * * *
You miss something. You barely miss something. Something hits you.
* * * LOW HITPOINT WARNING * * *
Your chain mail prevents you from hitting something.
Something hits you.
You die...

#........##....#
#..##..####.#.##
###..##.......#.#
.........######.#######
########## #.......#
##### #..####.# ....#
#..### ###.# #....##.#
# #{@.....# # #..#.##.#
# #...... # # #.#..##.#
# #.#.## # . #.#.#
#.... ## .#


There were no monsters in sight!

Vanquished Creatures
  The ghost of blackwizard the Gusty, a weakling TrAE (D:3)
  Terence (D:3)
  An adder (D:2)
  A worm (D:2)
  2 dart slugs (D:1)
  5 orcs (D:3)
  A bat (D:1)
  2 giant cockroaches (D:1)
  3 hobgoblins
  9 jackals
  A quokka (D:2)
  4 frilled lizards
  8 goblins
  7 kobolds
  4 rats
50 creatures vanquished.

Notes
Turn   | Place    | Note
-------+----------+-------------------------------------------
     0 | D:1      | lauthentik the Hill Orc Fighter began the quest for the Orb.
     0 | D:1      | Reached XP level 1. HP: 19/19 MP: 1/1
    96 | D:1      | Reached XP level 2. HP: 27/27 MP: 2/2
   121 | D:1      | Reached skill level 3 in Axes
   292 | D:1      | Reached XP level 3. HP: 33/33 MP: 3/3
   873 | D:2      | Reached XP level 4. HP: 40/40 MP: 4/4
  1124 | D:3      | Noticed blackwizard's ghost (weakling TrAE)
  1143 | D:3      | Killed blackwizard's ghost
  1143 | D:3      | Reached skill level 4 in Axes
  1161 | D:3      | Noticed Terence
  1186 | D:3      | Killed Terence
  1186 | D:3      | Reached skill level 5 in Axes
  1186 | D:3      | Reached XP level 5. HP: 27/46 MP: 5/5
  1279 | D:3      | Noticed Sigmund
  1300 | D:3      | HP: 2/46 [something (2)]
  1301 | D:3      | Slain by Sigmund

Vault maps used:
D:1:      ncdulo_halloftheorcs
D:3:      grunt_qazlal_clouds, bloody_makhleb, uniq_terence, uniq_sigmund

Skill      XL: |  1  2  3  4 |
---------------+-------------+-----
Axes           | 3 5 |  5.1
Fighting       | 4 |  4.1
Shields        | 4 |  4.1
Armour         | |  3.8
Dodging        | |  0.4
Stealth        | |  0.1

Action                   |  1- 3 |  4- 6 || total
-------------------------+-------+-------++-------
Melee: War axe           |   129 |    68 ||   197
  Use: Potion            |       |     1 ||     1
  Eat: Chunk             |       |     2 ||     2
Armor: Scale mail        |    59 |       ||    59
       Chain mail        |     6 |    32 ||    38
Dodge: Dodged            |    40 |    11 ||    51
Block: Shield            |    72 |    29 ||   101
